 Dungeon Crawl Stone Soup version 0.32-a0-656-g3542139ebd (webtiles) character file.

Game seed: 3621697971002850614

331 Xavori the Trooper (level 6, -8/47 HPs)
             Began as a Djinni Chaos Knight on Mar 9, 2024.
             Was a Plaything of Xom.
             Killed by divine providence
             ... invoked by an orc priest
              (18 damage)
             ... on level 5 of the Dungeon.
             The game lasted 00:04:14 (9196 turns).

Xavori the Trooper (Djinni Chaos Knight)            Turns: 9196, Time: 00:04:15

Health: -8/47      AC:  6    Str: 10    XL:     6   Next: 81%
Gold:   87         EV: 12    Int: 19    God:    Xom [......] SH:  4 Dex: 14

rFire   + + .        a - +0 falchion (chaos)
rCold   x . .        (no shield)
rNeg    . . .        b - +2 leather armour
rPois   ∞            (helmet restricted)
rElec   .            (no cloak)
rCorr   +            j - +0 pair of gloves
SInv    +            (boots unavailable)
Will    ++...        (no amulet)
Stlth   ++           k - ring "Buroddo" {Will+ rCorr Int+2 SInv}
HPRegen 0.27/turn    (no ring)
MPRegen 0.00/turn

%: infuse magic (-9 HP)
@: fragile (+50% incoming damage), flying
A: sickness immunity, fire resistance 2, cold vulnerability 1, float, innate
caster, HP casting, extra vitality 1, beak, large bone plates 1, camouflage 1,
clever 1, strong-willed 1
a: Renounce Religion


You were on level 5 of the Dungeon.
You worshipped Xom.
You were a very special plaything of Xom.
You visited 1 branch of the dungeon, and saw 5 of its levels.

You collected 87 gold pieces.

Inventory:

Hand Weapons
 a - a +0 falchion of chaos (weapon)
Armour
 b - a +2 leather armour (worn)
 j - a +0 pair of gloves (worn)
Jewellery
 k - the ring "Buroddo" (left hand) {Will+ rCorr Int+2 SInv}
   (Xom gifted it to you on level 1 of the Dungeon)

   [ring of resist corrosion]

   Int+2:     It affects your intelligence (+2).
   Will+:     It increases your willpower.
   SInv:      It lets you see invisible.
   rCorr:     It protects you from acid and corrosion.
Scrolls
 c - 2 scrolls of butterflies
 d - a scroll of identify {unknown}
 f - 2 scrolls of vulnerability {unknown}
 i - a scroll of acquirement {unknown}
 m - 2 scrolls of silence {unknown}
 o - a scroll of amnesia {unknown}
 s - a scroll of enchant weapon {unknown}
 t - a scroll of teleportation {unknown}
Potions
 e - 3 potions of heal wounds {unknown}
 h - 3 potions of curing {unknown}
 l - a potion of attraction {unknown}
 n - 2 potions of brilliance {unknown}
 p - 2 potions of degeneration {unknown}
 q - a potion of berserk rage {unknown}
 r - a potion of magic {unknown}
 u - a potion of cancellation {unknown}


   Skills:
 + Level 3.9 Fighting
 + Level 3.5 Long Blades
 + Level 2.5 Armour
 + Level 3.5 Dodging
 * Level 2.6 Spellcasting
 * Level 2.6 Conjurations
 * Level 2.6 Hexes
 * Level 2.6 Summonings
 * Level 2.6 Necromancy
 * Level 2.6 Translocations
 * Level 2.6 Fire Magic
 * Level 2.6 Ice Magic
 * Level 2.6 Air Magic
 * Level 2.6 Earth Magic
 * Level 2.6 Alchemy


You knew the following spells:

 Your Spells              Type           Power      Damage    Failure   Level
a - Kiss of Death         Conj/Necr      48%        2d9       7%          1
b - Searing Ray           Conj           24%        2d5       11%         2
Your spell library was empty.

Dungeon Overview and Level Annotations

Branches:
Dungeon (5/15)
 Temple: D:4-7

Altars:

Shops:
D:3 ?:


Innate Abilities, Weirdness & Mutations

You are immune to sickness and miasma.
You are immune to poison.
Your flesh is very heat resistant. (rF++)
You are vulnerable to cold. (rC-)
You float through the air rather than walking.
You learn spells naturally, not from books.
Your magical power is your life essence.
You have superior vitality. (+4 MHP)
You have a beak for a mouth.
You are partially covered in large bone plates. (SH +4)
Your skin changes colour to match your surroundings (Stealth+).
Your mind is acute. (Int +4, Str/Dex -1)
You are strong-willed. (Will+)


Message History

The adder suddenly seems more resistant.
The orc wizard shouts!
The orc shouts!
The orc priest hits you with a +0 flail!
The orc wizard casts a spell.
The orc wizard flickers and vanishes for a moment.
You closely miss the orc priest.
Xom's power touches on a nearby weapon.
The orc's +0 club erupts in a glittering mayhem of colour.
The orc closely misses you.
The orc priest looks encouraged for a moment.
You slash the orc priest!
The orc priest is heavily wounded.
The orc closely misses you. You block the orc's attack.
The orc priest calls down the wrath of Beogh upon you.
Beogh smites you!
You hit the orc priest. Your peck misses the orc priest.
The orc priest is almost dead.
The orc hits you with a +1 club of chaos.
Your body becomes as fragile as glass!
An ice beast comes into view.
The orc misses you. You block the orc's attack.
The orc wizard barely misses you.
The orc priest hits you but does no damage.
The orc attacks as it pursues you!
The orc hits you with a +1 club of chaos.
The orc freezes you. The orc hits you but does no damage.
The orc priest attacks as it pursues you!
The orc priest barely misses you.
The orc priest invokes the aid of Beogh against you.
Beogh smites you!
* * * LOW HITPOINT WARNING * * *
The orc priest casts a cantrip, but nothing happens.
You block the adder's attack. The adder bites you.
* * * LOW HITPOINT WARNING * * *
The adder attacks as it pursues you! The adder bites you but does no damage.
The orc priest invokes the aid of Beogh against you.
Beogh smites you!
You die...
Xom is highly amused!

#..####..###.....###.....
.............Y....#......
..................#......
..................#...... .
..................#...... ..
........o.o.......#......
...
.......oo.........#......
...######..S##########....##
##...###..@##...##.###'####
#..........(...............
#..........................
#..........................
#..........................
#..........................
#..........................
#.....##...##...##.......##
##....###+###...##.......##


You could see an ice beast, an orc priest, an orc wizard (invisible), an adder
(resistant) and 2 orcs.

Vanquished Creatures
  A centaur (D:5)
  A phantom (D:4)
  A hound (D:3)
  An iguana (D:4)
  5 adders
  2 dart slugs
  2 ribbon worms
  10 endoplasms
  3 giant cockroaches
  9 goblins
  5 hobgoblins
  5 quokkas
  5 ball pythons
  5 bats
  4 frilled lizards
  8 kobolds
  7 rats
74 creatures vanquished.

Notes
Turn   | Place    | Note
-------+----------+-------------------------------------------
     0 | D:1      | Xavori the Djinni Chaos Knight began the quest for the Orb.
     0 | D:1      | Reached XP level 1. HP: 20/20 MP: 0/0
    62 | D:1      | XOM: butterfly on damage
   150 | D:1      | Reached XP level 2. HP: 17/25 MP: 0/0
   189 | D:1      | XOM: silly message
   341 | D:1      | XOM: noise
   431 | D:1      | Found a faded altar of an unknown god.
   472 | D:1      | Reached XP level 3. HP: 30/30 MP: 0/0
   472 | D:1      | Learned a level 1 spell: Kiss of Death
   512 | D:1      | Reached skill level 1 in Spellcasting
   512 | D:1      | Reached skill level 1 in Conjurations
   512 | D:1      | Reached skill level 1 in Hexes
   512 | D:1      | Reached skill level 1 in Summonings
   512 | D:1      | Reached skill level 1 in Necromancy
   512 | D:1      | Reached skill level 1 in Translocations
   512 | D:1      | Reached skill level 1 in Fire Magic
   512 | D:1      | Reached skill level 1 in Ice Magic
   512 | D:1      | Reached skill level 1 in Air Magic
   512 | D:1      | Reached skill level 1 in Earth Magic
   512 | D:1      | Reached skill level 1 in Alchemy
  2463 | D:1      | XOM: torment (16/30 hp)
  3126 | D:1      | XOM: 1-stop teleportation journey
  5077 | D:1      | XOM: god gift: staff of air
  5109 | D:1      | XOM: give mutations
  5109 | D:1      | Gained mutation: Your skin changes colour to match your
                  | surroundings (Stealth+). [Xom's grace]
  5109 | D:1      | Gained mutation: Your mind is acute. (Int +4, Str/Dex -1)
                  | [Xom's grace]
  5109 | D:1      | Gained mutation: You have a beak for a mouth. [Xom's grace]
  5109 | D:1      | Gained mutation: You are partially covered in large bone
                  | plates. (SH +4) [Xom's grace]
  5600 | D:1      | XOM: god gift: pair of gloves {god gift}
  6099 | D:1      | XOM is BORED!
  6099 | D:1      | XOM: summons 2 hostile demons
  6607 | D:1      | XOM: scenery: summon butterflies
  6766 | D:1      | XOM: draining
  6829 | D:1      | Identified the ring "Buroddo" {Will+ rCorr Int+2 SInv} (Xom
                  | gifted it to you on level 1 of the Dungeon)
  6829 | D:1      | XOM: god gift: ring "Buroddo" {Will+ rCorr Int+2 SInv}
  6859 | D:2      | XOM: give mutation
  6859 | D:2      | Gained mutation: You are strong-willed. (Will+) [Xom's
                  | grace]
  7024 | D:2      | Reached XP level 4. HP: 32/35 MP: 0/0
  7222 | D:3      | Found Magecor's Magic Scroll Shop.
  7313 | D:3      | Reached XP level 5. HP: 40/40 MP: 0/0
  7313 | D:3      | Learned a level 2 spell: Searing Ray
  7703 | D:3      | Found Qaypav's Book Shop.
  8185 | D:4      | Noticed a phantom
  8191 | D:4      | XOM: chaos cloud
  8194 | D:4      | Killed a phantom
  8195 | D:4      | Reached XP level 6. HP: 47/47 MP: 0/0
  9060 | D:5      | Entered Level 5 of the Dungeon
  9184 | D:5      | XOM: enchant monster (bad)
  9186 | D:5      | XOM: chaos upgrade
  9188 | D:5      | Noticed an ice beast
  9196 | D:5      | Killed from afar by an orc priest

Illustrated notes

Levels and vault maps discovered:
D:1:      onia_arrival_pentagram, layout_loops_ring,
          shapermc_ecumenical_altar_acropolis
D:2:      layout_rooms, fountainhead, minmay_tromino_v2
D:3:      layout_basic, serial_shops, shop, shop
D:4:      layout_gridville
D:5:      layout_gridville, uniq_sigmund

Skill      XL: |  1  2  3  4  5 |
---------------+----------------+-----
Spellcasting   | 1 2 |  2.6
Conjurations   | 1 2 |  2.6
Hexes          | 1 2 |  2.6
Summonings     | 1 2 |  2.6
Necromancy     | 1 2 |  2.6
Translocations | 1 2 |  2.6
Fire Magic     | 1 2 |  2.6
Ice Magic      | 1 2 |  2.6
Air Magic      | 1 2 |  2.6
Earth Magic    | 1 2 |  2.6
Alchemy        | 1 2 |  2.6
Long Blades    | 3 |  3.5
Armour         | 2 |  2.5
Dodging        | 3 |  3.5
Fighting       | |  3.9

Action                     |  1- 3 |  4- 6 || total
---------------------------+-------+-------++-------
  Melee: Falchion          |    83 |   124 ||   207
         Peck              |     5 |    22 ||    27
    Use: Scroll            |       |     1 ||     1
   Stab: Sleeping          |     1 |    14 ||    15
         Distracted        |     1 |       ||     1
         Paralysed         |       |     2 ||     2
         Confused          |       |     1 ||     1
 Armour: Leather armour    |    32 |    78 ||   110
  Dodge: Dodged            |    54 |    75 ||   129
  Block: Other             |     4 |    24 ||    28

Table legend: (Time is in decaauts)
 A = Elapsed time spent in this place.
 B = Non-inter-level travel time spent in this place.
 C = Inter-level travel time spent in this place.
 D = Time resting spent in this place.
 E = Time spent auto-exploring this place.
 F = Levels seen in this place.
 G = Mean time per level.
                   A        B        C        D        E       F      G
               +--------+--------+--------+--------+--------+-----+--------+
         Total |   9216 |   9062 |    154 |   6196 |   2257 |   5 | 1843.2 |
       Dungeon |   9216 |   9062 |    154 |   6196 |   2257 |   5 | 1843.2 |
               +--------+--------+--------+--------+--------+-----+--------+

Top non-repeatable levels by time:
     D:1: 6639 daAuts
     D:4: 1044 daAuts
     D:3: 794 daAuts
     D:2: 600 daAuts
     D:5: 137 daAuts
